 Dungeon Sprint DCSS version 0.31-a0-841-g038b102fc3 (webtiles) character file.

Game seed: 4568594645656873012

19275 sircluck the Brawler (level 12, -6/210 HPs)
             Began as a Troll Berserker on Sept 27, 2023.
             Was the Champion of Trog.
             Mangled by Ignacio
             ... wielding a +8 executioner's axe of pain
              (19 damage)
             ... in the Dungeon (Sprint VII: "The Pits").
             The game lasted 00:05:02 (1508 turns).

sircluck the Brawler (Troll Berserker)              Turns: 1508, Time: 00:05:03

Health: -6/210     AC:  6    Str: 32    XL:     12   Next: 35%
Magic:  11/11      EV: 20    Int:  3    God:    Trog [******]
Gold:   26         SH:  0    Dex: 12    Spells: 11/11 levels left

rFire   . .          .
                       - Unarmed
rCold   . . .        (no shield)
rNeg    . . .        k - +0 troll leather armour {Pargi}
rPois   .            (helmet restricted)
rElec   .            (no cloak)
rCorr   .            (gloves unavailable)
SInv    .            (boots unavailable)
Will    .....        (no amulet) Stlth
                     l - +3 ring of dexterity
HPRegen 2.15/turn    p - +5 ring of evasion
MPRegen 0.12/turn

%: no teleportation
@: berserking, very quick
A: large, unfitting armour, claws 3, regeneration 1, shaggy fur 1, tough skin 1
a: Renounce Religion, Berserk, Trog's Hand, Brothers in Arms


You were in the Dungeon.
You worshipped Trog.
Trog was exalted by your worship.
You visited 1 branch You collected 26 gold pieces.

Inventory:

Armour
 a - a +0 animal skin
 k - a +0 troll leather armour (worn) {Pargi}
Jewellery
 l - a +3 ring of dexterity (left claw)
 m - a +3 ring of protection
 p - a +5 ring of evasion (right claw)
 u - a ring of magical power
 v - a ring of see invisible
Wands
 g - a wand of charming (6)
Scrolls
 h - 3 scrolls of vulnerability
 i - a scroll of butterflies
 o - 4 scrolls of fog
 q - a scroll of identify
 r - 2 scrolls of blinking
 s - 4 scrolls of enchant weapon
Potions
 b - a potion of invisibility
 c - 14 potions of heal wounds
 d - 2 potions of haste
 e - 4 potions of magic
 f - 5 potions of berserk rage
 j - 9 potions of curing
 n - a potion of might
 t - a potion of attraction


   Skills:
 + Level 14.8 Fighting
 + Level 11.5 Armour
 + Level 14.7 Dodging
 + Level 17.3 Unarmed Combat


You had 11 spell levels left.
You didn't know any spells.
Your spell library was empty.

Dungeon Overview and Level Annotations

Branches:
Dungeon (1/1)

Altars:
Ashenzari
Cheibriados
Dithmenos
Elyvilon
Fedhas
Gozag
Hepliaklqana
Kikubaaqudgha
Makhleb
Nemelex Xobeh
Okawaru
Qazlal
Ru
Sif Muna
Trog
Uskayaw
Vehumet
Wu Jian
Xom
Yredelemnul
Zin
The Shining One
Jiyva
Lugonu

Annotations:
D Ignacio


Innate Abilities, Weirdness & Mutations

You are too large for most types of armour.
You have claws for hands.
Your natural rate of healing is unusually fast.
You are covered in fur. (AC +1)
You have tough skin. (AC +1)


Message History

Ignacio, Master of Excruciating Pain comes into view.
He is wielding a +8 executioner's axe of pain.
Ignacio shouts!
You miss Ignacio.
Ignacio gestures.
Ignacio seems to speed up.
Okay, then.
A red film seems to cover your vision as you go berserk!
You feel yourself moving faster!
You feel mighty!
Ignacio hits you with a +8 executioner's axe of pain!!
Ignacio hits you with a +8 executioner's axe of pain.
Ignacio closely misses you. Ignacio misses you. Ignacio barely misses you.
Ignacio closely misses you.
Ignacio hits you with a +8 executioner's axe of pain.
Ignacio completely misses you.
Ignacio hits you with a +8 executioner's axe of pain!!
Ignacio hits you with a +8 executioner's axe of pain! x2
Ignacio completely misses you.
You eviscerate Ignacio!!!
Ignacio is lightly wounded.
Ignacio hits you with a +8 executioner's axe of pain!
Ignacio completely misses you.
Ignacio hits you with a +8 executioner's axe of pain!!
Ignacio hits you with a +8 executioner's axe of pain!
You closely miss Ignacio.
Ignacio is lightly wounded.
Ignacio hits you with a +8 executioner's axe of pain.
Ignacio barely misses you.
Ignacio hits you with a +8 executioner's axe of pain!!
* * * LOW HITPOINT WARNING * * *
Ignacio hits you with a +8 executioner's axe of pain!
* * * LOW HITPOINT WARNING * * *
You mangle Ignacio!!
Ignacio is moderately wounded.
Ignacio hits you with a +8 executioner's axe of pain!!
* * * LOW HITPOINT WARNING * * *
Ignacio hits you with a +8 executioner's axe of pain!
* * * LOW HITPOINT WARNING * * *
Ignacio misses you.
Ignacio hits you with a +8 executioner's axe of pain!!
You die...

#+# #.# #'#
################1#
..††............@#
..)).............#
+##############..#
#.†# #..# #..#
#..# #..# #..#


You could see Ignacio (fast).

Vanquished Creatures
  A ghost moth (D)
  A vampire knight (D)
  Josephine (D)
  A spriggan (D)
  A deep troll (D)
  A lindwurm (D)
  A phantasmal warrior (D)
  A wolf spider (D)
  2 deep elf pyromancers (D)
  A manticore (D)
  An orange demon (D)
  2 gargoyles (D)
  A kobold demonologist (D)
  A hornet (D)
  Prince Ribbit (D)
  Grinder (D)
  A snapping turtle (D)
  4 slime creatures (D)
  6 yaks (D)
  2 shadows (D)
  2 wyverns (D)
  2 fire bats (D)
  5 wraiths (D)
  3 vampire mosquitoes (D)
  5 redbacks (D)
  A water moccasin (D)
  A black bear (D)
  Pargi (D)
  A swamp drake (D)
  A wolf (D)
  2 centaurs (D)
  2 phantoms (D)
  2 scorpions (D)
  4 wights (D)
  3 killer bees (D)
  An iron imp (D)
  A mummy (D)
  A gnoll (D)
  A worm (D)
  An orc (D)
  An endoplasm (D)
  2 giant cockroaches (D)
  3 jackals (D)
  2 frilled lizards (D)
  2 kobolds (D)
81 creatures vanquished.

Vanquished Creatures (collateral kills)
  A spriggan defender (D)
  A demonic crawler (D)
  A death yak (D)
  Sonja (D)
  A sea snake (D)
  An orc knight (D)
  An ugly thing (D)
  An elephant (D)
  A cane toad (D)
  An unseen horror (D)
  A troll (D)
  A shadow (D)
  A wraith (D)
  A warg (D)
  An acid dragon (D)
  An orc warrior (D)
  A necrophage (D)
  A small abomination (D)
  7 killer bees (D)
  A jelly (D)
  2 orcs (D)
  A giant cockroach (D)
29 creatures vanquished.

Grand Total: 110 creatures vanquished

Notes
Turn   | Place    | Note
-------+----------+-------------------------------------------
     0 | D        | sircluck the Troll Berserker began the quest for the Orb.
     0 | D        | Reached XP level 1. HP: 22/22 MP: 0/0
    21 | D        | Noticed a gargoyle
    21 | D        | Noticed a sky beast
    21 | D        | Noticed a redback
    21 | D        | Noticed a redback
    21 | D        | Noticed a redback
    21 | D        | Noticed a redback
    79 | D        | Killed a gargoyle
    80 | D        | Reached skill level 8 in Unarmed Combat
    80 | D        | Reached XP level 2. HP: 15/37 MP: 1/1
    80 | D        | Reached XP level 3. HP: 19/45 MP: 2/2
    80 | D        | Reached XP level 4. HP: 22/53 MP: 3/3
    80 | D        | Reached XP level 5. HP: 26/61 MP: 4/4
    80 | D        | Reached XP level 6. HP: 29/68 MP: 5/5
   109 | D        | Killed a redback
   118 | D        | HP: 3/71 [redback (10)]
   121 | D        | Killed a redback
   121 | D        | Reached ** piety under Trog
   122 | D        | Reached skill level 9 in Unarmed Combat
   122 | D        | Reached XP level 7. HP: 17/79 MP: 6/6
   122 | D        | Killed a redback
   124 | D        | Killed a redback
   125 | D        | Reached skill level 10 in Unarmed Combat
   208 | D        | Found a bloodstained altar of Trog.
   208 | D        | Found a shimmering blue altar of Sif Muna.
   208 | D        | Found a viscous altar of Jiyva.
   208 | D        | Found a hazy altar of Hepliaklqana.
   208 | D        | Found an opulent altar of Gozag.
   209 | D        | Found a glowing golden altar of the Shining One.
   209 | D        | Found a glowing silver altar of Zin.
   209 | D        | Found a basalt altar of Yredelemnul.
   209 | D        | Found a shimmering altar of Xom.
   209 | D        | Found an ornate altar of the Wu Jian Council.
   209 | D        | Found a sacrificial altar of Ru.
   209 | D        | Found a stormy altar of Qazlal.
   209 | D        | Found an iron altar of Okawaru.
   209 | D        | Found a sparkling altar of Nemelex Xobeh.
   209 | D        | Found a burning altar of Makhleb.
   209 | D        | Found a blossoming altar of Fedhas.
   209 | D        | Found a white marble altar of Elyvilon.
   209 | D        | Found a shadowy altar of Dithmenos.
   209 | D        | Found a snail-covered altar of Cheibriados.
   212 | D        | Found a corrupted altar of Lugonu.
   212 | D        | Found a radiant altar of Vehumet.
   213 | D        | Found an ancient bone altar of Kikubaaqudgha.
   213 | D        | Found a hide-covered altar of Uskayaw.
   213 | D        | Found a broken altar of Ashenzari.
   249 | D        | Reached *** piety under Trog
   257 | D        | Reached **** piety under Trog
   316 | D        | Noticed Pargi
   317 | D        | Noticed Grinder
   329 | D        | Reached ***** piety under Trog
   330 | D        | Reached XP level 8. HP: 60/92 MP: 7/7
   336 | D        | Killed Pargi
   338 | D        | Reached skill level 11 in Unarmed Combat
   346 | D        | Paralysed by Grinder for 2 turns
   352 | D        | Killed Grinder
   419 | D        | Reached skill level 1 in Armour
   419 | D        | Noticed a kobold demonologist
   431 | D        | Killed a kobold demonologist
   431 | D        | Received a gift from Trog
   431 | D        | Reached ****** piety under Trog
   432 | D        | Reached skill level 10 in Fighting
   432 | D        | Reached skill level 10 in Dodging
   446 | D        | Reached XP level 9. HP: 85/101 MP: 8/8
   451 | D        | Reached skill level 12 in Unarmed Combat
   462 | D        | Noticed an orange demon
   472 | D        | Killed an orange demon
   590 | D        | Identified the +9 executioner's axe of Amuhowev {heavy,
                  | rElec rF+} (Trog gifted it to you in the Dungeon)
   590 | D        | Received a gift from Trog
   590 | D        | Noticed a troll
   592 | D        | Noticed a demonic crawler
   592 | D        | Noticed an orc knight
   605 | D        | Reached skill level 5 in Armour
   607 | D        | Killed an orc knight
   608 | D        | Reached skill level 13 in Unarmed Combat
   610 | D        | Killed a demonic crawler
   610 | D        | Identified the +10 lajatang of Offence {flame, rF- rN+
                  | Will++ Dex+3} (Trog gifted it to you in the Dungeon)
   610 | D        | Received a gift from Trog
   611 | D        | Reached XP level 10. HP: 114/114 MP: 9/9
   621 | D        | Noticed a cane toad
   626 | D        | Received a gift from Trog
   627 | D        | Killed a cane toad
   646 | D        | Noticed a gargoyle
   654 | D        | Killed a gargoyle
   677 | D        | Noticed a sea snake
   677 | D        | Noticed an elephant
   677 | D        | Noticed a spriggan defender
   678 | D        | Noticed a brown ugly thing
   682 | D        | Killed a spriggan defender
   682 | D        | Received a gift from Trog
   683 | D        | Reached skill level 14 in Unarmed Combat
   685 | D        | Killed an elephant
   687 | D        | Killed a sea snake
   689 | D        | Killed a brown ugly thing
   711 | D        | Noticed a vampire knight
   711 | D        | Noticed Sonja
   711 | D        | Noticed a deep elf pyromancer
   711 | D        | Noticed Prince Ribbit
   712 | D        | Noticed a death yak
   718 | D        | Killed a vampire knight
   719 | D        | Reached XP level 11. HP: 65/124 MP: 10/10
   743 | D        | Killed Sonja
   744 | D        | Reached skill level 15 in Unarmed Combat
   744 | D        | Killed a death yak
   744 | D        | Received a gift from Trog
   749 | D        | Killed Prince Ribbit
   832 | D        | Killed a deep elf pyromancer
   832 | D        | Received a gift from Trog
   832 | D        | Noticed a deep troll
   845 | D        | Killed a deep troll
   931 | D        | Noticed Josephine
   931 | D        | Noticed a phantasmal warrior
   938 | D        | Killed a phantasmal warrior
   942 | D        | Reached skill level 16 in Unarmed Combat
   943 | D        | Killed Josephine
   944 | D        | Reached skill level 10 in Armour
   947 | D        | Received a gift from Trog
  1248 | D        | Noticed a deep elf pyromancer
  1253 | D        | Killed a deep elf pyromancer
  1266 | D        | Received a gift from Trog
  1288 | D        | Reached XP level 12. HP: 115/139 MP: 11/11
  1322 | D        | Received a gift from Trog
  1330 | D        | Killed a ghost moth
  1387 | D        | Reached skill level 17 in Unarmed Combat
  1392 | D        | Identified the +1 great sword of Risk Management {flame,
                  | rElec rC++ Str+3 Dex+4} (Trog gifted it to you in the
                  | Dungeon)
  1392 | D        | Received a gift from Trog
  1503 | D        | Noticed Ignacio
  1508 | D        | Mangled by Ignacio

Illustrated notes

Levels and vault maps discovered:
D:        pitsprint [storerooms_1, entrance_room_1, metal_vault_1, armoury_1,
          mini_pit_1, grid_room_1, main_hall_1, silver_pit, the_coven_3,
          the_vestibule_1, steel_vault_5, golden_pit, hallway_of_sentries,
          crystal_vault_6, iron_vault_3, final_vault]

Skill      XL: |  1  2  3  4  5  6  7  8  9 10 11 12 |
---------------+-------------------------------------+-----
Fighting       | 6 7 9 10 11 12 14 | 14.8
Dodging        | 6 7 8 10 11 12 14 | 14.7
Unarmed Combat | 8 9 10 11 13 14 16 17 | 17.3
Armour         | 2 6 8 10 11 | 11.5

Action                     |  1- 3 |  4- 6 |  7- 9 | 10-12 || total
---------------------------+-------+-------+-------+-------++-------
  Melee: Unarmed           |     5 |     8 |   105 |   152 ||   270
         Punch             |       |       |     5 |    16 ||    21
 Invoke: Berserk           |     1 |       |     1 |     4 ||     6
         Brothers in Arms  |       |       |     1 |     3 ||     4
    Use: Potion            |       |     1 |       |     4 ||     5
         Scroll            |       |       |       |     1 ||     1
   Stab: Invisible         |       |       |       |     1 ||     1
 Armour: Animal skin       |     1 |    10 |    20 |       ||    31
         Troll leather arm |       |       |    38 |   146 ||   184
  Dodge: Dodged            |     1 |     5 |    61 |   145 ||   212

Table legend: (Time is in decaauts)
 A = Elapsed time spent in this place.
 B = Non-inter-level travel time spent in this place.
 C = Inter-level travel time spent in this place.
 D = Time resting spent in this place.
 E = Time spent auto-exploring this place.
 F = Levels seen in this place.
 G = Mean time per level.
                   A        B        C        D        E       F      G
               +--------+--------+--------+--------+--------+-----+--------+
         Total |   1533 |   1429 |    104 |    530 |    123 |   1 | 1533.0 |
       Dungeon |   1533 |   1429 |    104 |    530 |    123 |   1 | 1533.0 |
               +--------+--------+--------+--------+--------+-----+--------+

Top non-repeatable levels by time:
       D: 1533 daAuts
